 Dungeon Crawl Stone Soup version 0.21-a0-522-ga8338f0 (webtiles) character file.

12 theanonym the Ducker (level 2, 0/14 HPs)
             Began as a Felid Monk on Dec 6, 2017.
             Succumbed to a goblin's poison
             ... on level 1 of the Dungeon.
             The game lasted 00:01:20 (401 turns).

theanonym the Ducker (Felid Monk)                    Turns: 401, Time: 00:01:21

Health: 0/14       AC:  1    Str:  7    XL:     2   Next: 20%
Magic:  3/3        EV: 19    Int: 11    God:
Gold:   9          SH:  0    Dex: 18    Spells: 1/1 levels left
                                        Lives:  0   Deaths: 0

rFire    . . .     SeeInvis +     - Unarmed
rCold    . . .     Gourm    .   (shield unavailable)
rNeg     . . .     Faith    .   (armour unavailable)
rPois    .         Spirit   .   (helmet unavailable)
rElec    .         Reflect  .   (cloak unavailable)
rCorr    .         Harm     .   (gloves unavailable)
MR       .....                  (boots unavailable)
Stlth    +++.......             (no amulet)
HPRegen  0.04/turn              (no ring)
MPRegen  0.08/turn              (no ring)

@: lethally poisoned (0 -> -3), quick
A: very small, no armour, no weapons or thrown items, stealth, claws 1, fangs 3,
see invisible, carnivore 3, speed 1, shaggy fur 1, slow metabolism 1, sharp paws
a: no special abilities


Innate Abilities, Weirdness & Mutations

You cannot wear armour.
You are incapable of wielding weapons or throwing items.
Your paws allow you to move quietly. (Stealth)
You have sharp claws.
You have razor-sharp teeth.
You have supernaturally acute eyesight. (SInv)
You are carnivorous and can eat meat at any time.
You cover ground quickly.
You are covered in fur. (AC +1)
You have a slow metabolism.
Your sharp claws are effective at attacking unaware monsters.


   Skills:
 - Level 3.0 Fighting
 - Level 4.0 Dodging
 + Level 3.2 Stealth
 * Level 3.5 Unarmed Combat


You had one spell level left.
You didn't know any spells.

Skill      XL: |  1 |
---------------+----+-----
Stealth        | 3 |  3.2
Fighting       | |  3.0
Dodging        | |  4.0
Unarmed Combat | |  3.5

Action                   || total
-------------------------++-------
Melee: Unarmed           ||    25
       Punch             ||     1
  Use: Scroll            ||     1
 Stab: Sleeping          ||     3
  Eat: Chunk             ||     6
Armor: Skin              ||     1
Dodge: Dodged            ||    20

Inventory:

Scrolls
 b - a scroll of remove curse
Comestibles
 a - 4 chunks of flesh
 e - a meat ration

Dungeon Overview and Level Annotations

Branches:
Dungeon (1/15)

Altars:


You were on level 1 of the Dungeon.
You were completely stuffed.

You visited 1 branch of the dungeon, and saw 1 of its levels.

You collected 9 gold pieces.


Message History

A frilled lizard is nearby!
A frilled lizard is nearby!
A bat comes into view.
The helpless frilled lizard fails to defend itself.
You claw the frilled lizard!
You kill the frilled lizard!
The bat misses you.
You claw the bat!
You kill the bat!
No target in view!
No target in view!
No target in view!
No target in view!
You butcher the bat corpse.
a - 5 chunks of flesh (gained 1)
Found a leather armour.
Key pressed, stopping explore.
A leopard gecko comes into view.
A leopard gecko is nearby!
A leopard gecko is nearby!
A leopard gecko is nearby!
Found 6 gold pieces.
The leopard gecko hisses angrily.
The leopard gecko barely misses you.
You scratch the leopard gecko but do no damage.
You claw the leopard gecko.
The leopard gecko completely misses you.
You scratch the leopard gecko but do no damage.
The leopard gecko misses you.
You scratch the leopard gecko. The leopard gecko misses you.
You barely miss the leopard gecko. Your bite misses the leopard gecko.
The leopard gecko completely misses you.
You scratch the leopard gecko. The leopard gecko misses you.
You barely miss the leopard gecko. The leopard gecko misses you.
You scratch the leopard gecko.
You kill the leopard gecko!
No target in view!
No target in view!
Some of the chunks of flesh in your inventory have rotted away.
You butcher the leopard gecko corpse.
a - 4 chunks of flesh (gained 2)
You see here a leopard gecko skeleton. x2
You now have 9 gold pieces (gained 6).
b - a scroll labeled WUEXEO IFFEMIR
b - 2 scrolls labeled WUEXEO IFFEMIR (gained 1)
A hobgoblin comes into view. It is wielding a club.
A hobgoblin is nearby!
A hobgoblin is nearby!
A hobgoblin is nearby!
A frilled lizard comes into view.
The hobgoblin shouts!
The frilled lizard hisses angrily.
A goblin comes into view. It is wielding a dagger of venom.
A leopard gecko comes into view.
The goblin shouts!
The leopard gecko hisses angrily.
You scratch the hobgoblin but do no damage.
The hobgoblin closely misses you.
You closely miss the goblin. The hobgoblin hits you with a club.
The goblin hits you with a dagger of venom.
You are lethally poisoned!
You take 4 damage, and have 10/14 hp.
MASSIVE DAMAGE!!
You feel sick.
You take 1 damage, and have 9/14 hp.
You feel sick.
You take 1 damage, and have 8/14 hp.
You aren't carrying any potions.
* * * LOW HITPOINT WARNING * * *
You feel sick.
You take 1 damage, and have 7/14 hp.
* * * LOW HITPOINT WARNING * * *
You feel sick.
You take 1 damage, and have 6/14 hp.
The frilled lizard hisses.
As you read the scroll labeled WUEXEO IFFEMIR, it crumbles to dust.
You feel blessed for a moment.
It was a scroll of remove curse.
* * * LOW HITPOINT WARNING * * *
You feel sick.
The frilled lizard unfolds its giant frill.
You take 1 damage, and have 5/14 hp.
* * * LOW HITPOINT WARNING * * *
You feel sick.
You take 1 damage, and have 4/14 hp.
* * * LOW HITPOINT WARNING * * *
You feel sick.
You take 1 damage, and have 3/14 hp.
The frilled lizard hisses.
* * * LOW HITPOINT WARNING * * *
You feel sick.
You take 1 damage, and have 3/14 hp.
* * * LOW HITPOINT WARNING * * *
You feel sick.
You take 1 damage, and have 2/14 hp.
* * * LOW HITPOINT WARNING * * *
You feel sick.
You take 1 damage, and have 1/14 hp.
Here: a goblin, wielding a dagger of venom The floor.
Unknown command.
Okay, then.
You aren't carrying any potions.
You die...

#.........l######.....##
#[.........# #.....##
#.......g..#### #..l....
######....g...# #.......
########........# #.......
.
................+.........
.....
########........###.....##
..... #....[...# #######
..... #.@......#
.....#########........#
........รท)..........).#
####.#)#.#.#.........#
#.#.###.#..########
#....#.....# #...###....#
#.### ###..# ######.##
#<..#


You could see a hobgoblin and a goblin.

Notes
Turn   | Place    | Note
-------+----------+-------------------------------------------
     0 | D:1      | theanonym the Felid Monk began the quest for the Orb.
     0 | D:1      | Reached XP level 1. HP: 10/10 MP: 2/2
    86 | D:1      | Reached skill level 3 in Stealth
    87 | D:1      | HP: 5/10 [goblin/club (3)]
   101 | D:1      | HP: 4/10 [rat (1)]
   299 | D:1      | Reached XP level 2. HP: 14/14 MP: 3/3
   379 | D:1      | HP: 7/14 [poisoned by a goblin]
   384 | D:1      | HP: 4/14 [poisoned by a goblin]
   389 | D:1      | HP: 3/14 [poisoned by a goblin]
   397 | D:1      | HP: 1/14 [poisoned by a goblin]
   401 | D:1      | Succumbed to a goblin's poison

Vanquished Creatures
  A leopard gecko (D:1)
  2 bats (D:1)
  A goblin (D:1)
  2 hobgoblins (D:1)
  2 ball pythons (D:1)
  A frilled lizard (D:1)
  2 rats (D:1)
11 creatures vanquished.

Table legend:
 A = Turns spent in this place as a percentage of turns spent in the entire game.
 B = Non-inter-level travel turns spent in this place as a percentage of non-inter-level travel turns spent in the entire game.
 C = Inter-level travel turns spent in this place as a percentage of turns spent in this place.
 D = Turns resting spent in this place as a percentage of non-inter-level travel turns spent in this place.
 E = Turns spent auto-exploring this place as a percentage of non-inter-level travel turns spent in this place.
 F = Non-inter-level travel turns spent in this place divided by the number of levels of this place that you've seen.
                   A       B       C       D       E      F
               +-------+-------+-------+-------+-------+----------------------
         Total | 100.0 | 100.0 |   0.0 |  58.4 |  20.0 | 401.0
       Dungeon | 100.0 | 100.0 |   0.0 |  58.4 |  20.0 | 401.0
               +-------+-------+-------+-------+-------+----------------------
